[ PARTIDA AOE2 · #460033144 ]
Team RMMaya vs Cumans
[ ANÁLISIS DE REPETICIÓN · EXTRAÍDO DE LA PARTIDA GRABADA ]
Feudal
10:02
Castillos
24:16
Imperial
—
| APM promedio | 35.9 |
| APM pico | 119 |
| eAPM promedio | 17.4 |
| Aldeanos / militares | 46 / 58 |
Foco
⚔️ 29.1% · 🌾 70.9%
Skirmisher ×28 · Spearman ×16 · Archer ×10 · Eagle Scout ×2 · Battering Ram ×1 · Scorpion ×1
Feudal
10:43
Castillos
28:17
Imperial
—
| APM promedio | 24.2 |
| APM pico | 40 |
| eAPM promedio | 13.3 |
| Aldeanos / militares | 80 / 13 |
Foco
⚔️ 14.1% · 🌾 85.9%
Battering Ram ×12 · Spearman ×1
Feudal
10:31
Castillos
14:01
Imperial
—
| APM promedio | 18.3 |
| APM pico | 85 |
| eAPM promedio | 5.9 |
| Aldeanos / militares | 29 / 5 |
Foco
⚔️ 7.6% · 🌾 92.4%
Scout Cavalry ×2 · Knight ×2 · Mangonel ×1
Feudal
9:42
Castillos
23:53
Imperial
—
| APM promedio | 37.3 |
| APM pico | 67 |
| eAPM promedio | 15.1 |
| Aldeanos / militares | 55 / 44 |
Foco
⚔️ 24.0% · 🌾 76.0%
Archer ×41 · Mangonel ×3
Mapa de la partida
Recursos al inicio + cada clic de construcción. Línea gruesa = muro · recuadro discontinuo = muro de casas detectado. 🟡 oro · ⚪ piedra · 🟢 bayas · 🔶 jabalí · ⭕ reliquia
Inputs por minuto
— LORD of the Peasants - - Araco
Build order — LORD of the Peasants
Primeras 150 de 180 acciones detectadas
| 0:00 | Crear | Villager (Male) |
| 0:01 | Crear | Villager (Male) |
| 0:01 | Crear | Villager (Male) |
| 0:01 | Crear | Villager (Male) |
| 0:02 | Crear | Villager (Male) |
| 0:03 | Construir | House |
| 0:05 | Construir | House |
| 1:18 | Crear | Villager (Male) |
| 1:18 | Crear | Villager (Male) |
| 1:45 | Construir | Lumber Camp |
| 2:21 | Crear | Villager (Male) |
| 2:30 | Crear | Villager (Male) |
| 2:35 | Construir | House |
| 3:41 | Crear | Villager (Male) |
| 3:41 | Crear | Villager (Male) |
| 3:57 | Crear | Villager (Male) |
| 4:07 | Construir | House |
| 4:22 | Crear | Villager (Male) |
| 4:48 | Crear | Villager (Male) |
| 5:18 | Construir | Mill |
| 5:47 | Crear | Villager (Male) |
| 6:02 | Crear | Villager (Male) |
| 6:21 | Crear | Villager (Male) |
| 6:47 | Crear | Villager (Male) |
| 6:55 | Crear | Villager (Male) |
| 7:26 | Crear | Villager (Male) |
| 7:37 | Investigar | Feudal Age |
| 7:40 | Construir | Lumber Camp |
| 8:02 | Construir | House |
| 8:48 | Construir | Barracks |
| 8:52 | Construir | Barracks |
| 9:32 | Crear | Villager (Male) |
| 9:55 | Construir | Mill |
| 10:02 | Edad | Edad Feudal |
| 10:03 | Construir | Archery Range |
| 10:07 | Crear | Villager (Male) |
| 10:08 | Investigar | Double-Bit Axe |
| 10:16 | Crear | Villager (Male) |
| 10:23 | Construir | Mining Camp |
| 10:34 | Construir | Mining Camp |
| 10:38 | Crear | Villager (Male) |
| 10:48 | Construir | Blacksmith |
| 10:57 | Crear | Archer |
| 11:06 | Crear | Villager (Male) |
| 11:33 | Crear | Archer |
| 11:45 | Crear | Villager (Male) |
| 11:54 | Crear | Archer |
| 12:01 | Construir | House |
| 12:06 | Construir | House |
| 12:13 | Crear | Villager (Male) |
| 12:14 | Crear | Archer |
| 12:19 | Investigar | Gold Mining |
| 12:35 | Crear | Villager (Male) |
| 12:41 | Crear | Villager (Male) |
| 12:45 | Crear | Archer |
| 13:08 | Construir | House |
| 13:16 | Crear | Archer |
| 13:45 | Crear | Skirmisher |
| 13:46 | Crear | Skirmisher |
| 13:58 | Crear | Spearman |
| 13:58 | Crear | Spearman |
| 14:00 | Crear | Spearman |
| 14:07 | Crear | Villager (Male) |
| 14:08 | Crear | Villager (Male) |
| 14:12 | Investigar | Horse Collar |
| 14:22 | Construir | Farm |
| 14:25 | Construir | Farm |
| 14:38 | Construir | Mill |
| 14:56 | Crear | Skirmisher |
| 14:57 | Crear | Skirmisher |
| 14:58 | Crear | Skirmisher |
| 15:10 | Construir | House |
| 15:11 | Construir | House |
| 15:19 | Construir | Farm |
| 15:21 | Construir | Farm |
| 15:23 | Construir | Farm |
| 15:26 | Construir | Farm |
| 15:31 | Construir | Farm |
| 15:48 | Investigar | Fletching |
| 15:52 | Investigar | Padded Archer Armor |
| 16:02 | Investigar | Fletching |
| 16:03 | Crear | Skirmisher |
| 16:04 | Crear | Skirmisher |
| 16:41 | Crear | Skirmisher |
| 16:41 | Crear | Skirmisher |
| 16:51 | Crear | Skirmisher |
| 16:58 | Construir | Farm |
| 16:59 | Construir | Farm |
| 17:00 | Construir | Farm |
| 17:02 | Construir | Farm |
| 17:25 | Crear | Skirmisher |
| 17:39 | Crear | Skirmisher |
| 17:44 | Construir | Farm |
| 17:51 | Construir | Farm |
| 17:58 | Crear | Skirmisher |
| 18:15 | Crear | Villager (Male) |
| 18:15 | Crear | Villager (Male) |
| 18:15 | Crear | Villager (Male) |
| 18:18 | Construir | Farm |
| 18:25 | Crear | Skirmisher |
| 18:50 | Crear | Skirmisher |
| 18:51 | Crear | Spearman |
| 18:51 | Crear | Spearman |
| 18:53 | Investigar | Scale Mail Armor |
| 19:07 | Crear | Skirmisher |
| 19:11 | Construir | Farm |
| 19:12 | Construir | Farm |
| 19:14 | Crear | Villager (Male) |
| 19:14 | Crear | Villager (Male) |
| 19:22 | Crear | Skirmisher |
| 19:24 | Crear | Spearman |
| 19:49 | Crear | Skirmisher |
| 21:22 | Construir | Mill |
| 21:23 | Construir | Farm |
| 21:24 | Construir | Farm |
| 21:26 | Construir | Farm |
| 21:26 | Construir | Farm |
| 21:36 | Investigar | Castle Age |
| 21:45 | Construir | House |
| 21:46 | Construir | House |
| 21:47 | Construir | Outpost |
| 21:52 | Crear | Spearman |
| 21:53 | Crear | Spearman |
| 21:59 | Crear | Spearman |
| 22:20 | Crear | Spearman |
| 22:21 | Crear | Skirmisher |
| 22:25 | Construir | Archery Range |
| 22:51 | Crear | Skirmisher |
| 22:52 | Crear | Spearman |
| 22:58 | Construir | Outpost |
| 23:11 | Investigar | Scale Mail Armor |
| 23:14 | Investigar | Town Watch |
| 23:18 | Crear | Archer |
| 23:19 | Crear | Archer |
| 23:20 | Crear | Spearman |
| 23:21 | Crear | Spearman |
| 23:25 | Crear | Spearman |
| 23:38 | Construir | Outpost |
| 24:16 | Edad | Edad de los Castillos |
| 24:23 | Investigar | Elite Skirmisher (upgrade) |
| 24:23 | Investigar | Pikeman (upgrade) |
| 24:24 | Construir | Siege Workshop |
| 24:28 | Crear | Villager (Male) |
| 24:29 | Crear | Villager (Male) |
| 24:36 | Crear | Villager (Male) |
| 24:40 | Construir | House |
| 24:48 | Investigar | Leather Archer Armor |
| 25:00 | Construir | House |
| 25:03 | Construir | House |
| 25:06 | Crear | Villager (Male) |
Build order — Araco
Primeras 150 de 183 acciones detectadas
| 0:00 | Investigar | Loom |
| 0:01 | Crear | Villager (Male) |
| 0:02 | Construir | House |
| 0:05 | Crear | Villager (Male) |
| 0:05 | Crear | Villager (Male) |
| 0:08 | Construir | House |
| 0:13 | Crear | Villager (Male) |
| 1:28 | Crear | Villager (Male) |
| 2:03 | Crear | Villager (Male) |
| 2:17 | Crear | Villager (Male) |
| 2:38 | Construir | Lumber Camp |
| 2:49 | Crear | Villager (Male) |
| 3:11 | Crear | Villager (Male) |
| 3:30 | Construir | House |
| 3:31 | Construir | House |
| 3:34 | Construir | House |
| 3:42 | Crear | Villager (Male) |
| 3:52 | Crear | Villager (Male) |
| 4:28 | Crear | Villager (Male) |
| 4:52 | Construir | House |
| 4:54 | Crear | Villager (Male) |
| 5:25 | Crear | Villager (Male) |
| 5:42 | Construir | House |
| 5:44 | Construir | House |
| 5:46 | Crear | Villager (Male) |
| 6:28 | Crear | Villager (Male) |
| 6:29 | Crear | Villager (Male) |
| 6:29 | Crear | Villager (Male) |
| 6:30 | Crear | Villager (Male) |
| 6:54 | Construir | House |
| 6:55 | Construir | House |
| 7:13 | Investigar | Loom |
| 7:22 | Construir | Mill |
| 7:56 | Crear | Villager (Male) |
| 8:21 | Investigar | Feudal Age |
| 8:44 | Construir | Mining Camp |
| 10:34 | Construir | Barracks |
| 10:41 | Crear | Villager (Male) |
| 10:43 | Edad | Edad Feudal |
| 11:00 | Construir | Blacksmith |
| 11:08 | Crear | Villager (Male) |
| 11:09 | Crear | Villager (Male) |
| 11:15 | Crear | Villager (Male) |
| 11:18 | Investigar | Double-Bit Axe |
| 11:21 | Crear | Villager (Male) |
| 11:22 | Crear | Villager (Male) |
| 12:03 | Crear | Spearman |
| 12:14 | Construir | Siege Workshop |
| 12:46 | Crear | Villager (Male) |
| 12:51 | Crear | Battering Ram |
| 12:52 | Crear | Battering Ram |
| 13:26 | Crear | Battering Ram |
| 13:27 | Crear | Villager (Male) |
| 13:36 | Construir | House |
| 13:51 | Crear | Villager (Male) |
| 13:56 | Crear | Battering Ram |
| 14:01 | Construir | House |
| 14:02 | Construir | House |
| 14:05 | Construir | House |
| 14:20 | Crear | Villager (Male) |
| 14:27 | Crear | Battering Ram |
| 14:44 | Construir | Palisade Wall |
| 15:05 | Crear | Villager (Male) |
| 15:05 | Crear | Villager (Male) |
| 15:10 | Construir | Town Center |
| 16:14 | Crear | Villager (Male) |
| 16:44 | Crear | Villager (Male) |
| 16:45 | Crear | Villager (Male) |
| 16:56 | Crear | Villager (Male) |
| 17:21 | Crear | Battering Ram |
| 17:30 | Construir | Farm |
| 17:34 | Construir | Farm |
| 17:35 | Crear | Villager (Male) |
| 17:41 | Construir | Farm |
| 17:43 | Crear | Villager (Male) |
| 18:17 | Construir | Farm |
| 18:18 | Crear | Villager (Male) |
| 18:22 | Construir | Farm |
| 19:03 | Construir | Farm |
| 19:08 | Construir | Farm |
| 19:09 | Construir | Farm |
| 19:09 | Construir | Farm |
| 19:10 | Construir | Farm |
| 19:10 | Construir | Farm |
| 19:23 | Crear | Villager (Male) |
| 19:23 | Crear | Villager (Male) |
| 19:46 | Crear | Villager (Male) |
| 19:47 | Crear | Villager (Male) |
| 20:16 | Crear | Villager (Male) |
| 20:51 | Construir | Farm |
| 20:54 | Crear | Villager (Male) |
| 20:55 | Crear | Villager (Male) |
| 20:57 | Crear | Villager (Male) |
| 21:09 | Crear | Battering Ram |
| 21:15 | Crear | Villager (Male) |
| 21:17 | Construir | Farm |
| 21:31 | Construir | Palisade Gate |
| 21:34 | Construir | Palisade Gate |
| 21:41 | Construir | Palisade Gate |
| 21:44 | Construir | Farm |
| 21:47 | Construir | Farm |
| 21:51 | Construir | Lumber Camp |
| 21:52 | Crear | Villager (Male) |
| 21:53 | Crear | Villager (Male) |
| 21:54 | Crear | Villager (Male) |
| 21:55 | Crear | Villager (Male) |
| 22:05 | Construir | Farm |
| 22:26 | Crear | Battering Ram |
| 22:27 | Crear | Battering Ram |
| 22:31 | Construir | Farm |
| 22:33 | Crear | Villager (Male) |
| 22:34 | Crear | Villager (Male) |
| 22:38 | Construir | Farm |
| 22:46 | Construir | House |
| 23:09 | Construir | Farm |
| 23:12 | Construir | Farm |
| 23:16 | Construir | Farm |
| 23:18 | Crear | Villager (Male) |
| 23:18 | Crear | Villager (Male) |
| 23:19 | Crear | Villager (Male) |
| 23:20 | Crear | Villager (Male) |
| 23:23 | Construir | Farm |
| 23:29 | Construir | House |
| 23:30 | Construir | House |
| 23:39 | Construir | Palisade Wall |
| 23:39 | Construir | Palisade Wall |
| 23:43 | Construir | Palisade Wall |
| 23:46 | Construir | Palisade Wall |
| 23:52 | Construir | Farm |
| 23:54 | Construir | Farm |
| 24:08 | Construir | House |
| 24:09 | Construir | House |
| 24:13 | Construir | Farm |
| 24:14 | Crear | Villager (Male) |
| 24:14 | Crear | Villager (Male) |
| 24:15 | Crear | Villager (Male) |
| 24:15 | Crear | Villager (Male) |
| 24:18 | Construir | Farm |
| 24:33 | Construir | Palisade Wall |
| 24:41 | Construir | Farm |
| 24:50 | Construir | Market |
| 24:55 | Construir | Farm |
| 25:00 | Construir | Farm |
| 25:03 | Construir | House |
| 25:05 | Construir | House |
| 25:06 | Construir | House |
| 25:07 | Construir | House |
| 25:23 | Construir | Farm |
| 25:31 | Crear | Battering Ram |
| 25:32 | Crear | Battering Ram |
Build order — pietro91
59 acciones detectadas en el replay
| 0:01 | Crear | Villager (Male) |
| 0:01 | Crear | Villager (Male) |
| 0:02 | Crear | Villager (Male) |
| 0:02 | Construir | House |
| 0:04 | Construir | House |
| 0:11 | Crear | Villager (Male) |
| 0:11 | Crear | Villager (Male) |
| 0:11 | Crear | Villager (Male) |
| 1:22 | Crear | Villager (Male) |
| 1:52 | Construir | Lumber Camp |
| 2:01 | Crear | Villager (Male) |
| 2:01 | Crear | Villager (Male) |
| 2:56 | Crear | Villager (Male) |
| 2:57 | Crear | Villager (Male) |
| 3:12 | Construir | House |
| 3:13 | Construir | House |
| 3:26 | Crear | Villager (Male) |
| 3:26 | Crear | Villager (Male) |
| 3:26 | Crear | Villager (Male) |
| 3:57 | Crear | Villager (Male) |
| 3:57 | Crear | Villager (Male) |
| 4:37 | Construir | Mill |
| 4:44 | Crear | Villager (Male) |
| 4:45 | Crear | Villager (Male) |
| 4:45 | Crear | Villager (Male) |
| 5:52 | Crear | Villager (Male) |
| 5:52 | Crear | Villager (Male) |
| 5:52 | Crear | Villager (Male) |
| 6:50 | Crear | Villager (Male) |
| 6:51 | Crear | Villager (Male) |
| 7:48 | Investigar | Feudal Age |
| 8:24 | Construir | Mining Camp |
| 8:56 | Crear | Villager (Male) |
| 8:56 | Crear | Villager (Male) |
| 9:24 | Construir | House |
| 9:42 | Construir | Barracks |
| 10:31 | Edad | Edad Feudal |
| 10:41 | Construir | Stable |
| 10:46 | Construir | Blacksmith |
| 11:20 | Investigar | Castle Age |
| 11:34 | Construir | Farm |
| 11:36 | Construir | Farm |
| 11:47 | Construir | House |
| 12:14 | Crear | Scout Cavalry |
| 12:19 | Investigar | Double-Bit Axe |
| 12:42 | Crear | Scout Cavalry |
| 12:57 | Construir | Farm |
| 13:03 | Construir | Farm |
| 13:16 | Investigar | Horse Collar |
| 13:41 | Crear | Villager (Male) |
| 14:01 | Edad | Edad de los Castillos |
| 14:08 | Construir | Siege Workshop |
| 14:18 | Crear | Villager (Male) |
| 14:24 | Crear | Villager (Male) |
| 14:34 | Construir | House |
| 14:35 | Construir | House |
| 14:37 | Crear | Mangonel |
| 15:43 | Crear | Knight |
| 15:44 | Crear | Knight |
Build order — Ares (Yi Nation)
Primeras 150 de 164 acciones detectadas
| 0:00 | Crear | Villager (Male) |
| 0:01 | Crear | Villager (Male) |
| 0:02 | Construir | House |
| 0:03 | Construir | House |
| 0:03 | Crear | Villager (Male) |
| 0:04 | Crear | Villager (Male) |
| 1:29 | Crear | Villager (Male) |
| 1:44 | Construir | Lumber Camp |
| 1:53 | Crear | Villager (Male) |
| 2:05 | Crear | Villager (Male) |
| 2:27 | Crear | Villager (Male) |
| 3:20 | Crear | Villager (Male) |
| 3:30 | Crear | Villager (Male) |
| 3:30 | Crear | Villager (Male) |
| 3:30 | Crear | Villager (Male) |
| 3:52 | Crear | Villager (Male) |
| 3:58 | Construir | House |
| 3:59 | Construir | House |
| 3:59 | Construir | House |
| 4:00 | Construir | House |
| 4:08 | Crear | Villager (Male) |
| 4:47 | Crear | Villager (Male) |
| 5:25 | Crear | Villager (Male) |
| 5:47 | Crear | Villager (Male) |
| 5:51 | Construir | Mining Camp |
| 6:18 | Crear | Villager (Male) |
| 7:04 | Investigar | Loom |
| 7:31 | Investigar | Feudal Age |
| 7:43 | Construir | Barracks |
| 8:52 | Construir | House |
| 8:57 | Crear | Villager (Male) |
| 9:42 | Edad | Edad Feudal |
| 9:51 | Construir | Archery Range |
| 9:52 | Construir | Archery Range |
| 9:55 | Investigar | Double-Bit Axe |
| 10:09 | Crear | Villager (Male) |
| 10:09 | Crear | Villager (Male) |
| 10:24 | Crear | Villager (Male) |
| 10:50 | Crear | Villager (Male) |
| 10:52 | Crear | Archer |
| 10:53 | Crear | Archer |
| 11:05 | Construir | Blacksmith |
| 11:10 | Crear | Archer |
| 11:12 | Crear | Archer |
| 11:17 | Crear | Villager (Male) |
| 11:36 | Crear | Archer |
| 11:58 | Construir | Mill |
| 12:07 | Crear | Villager (Male) |
| 12:16 | Crear | Archer |
| 12:17 | Crear | Archer |
| 12:45 | Crear | Archer |
| 12:45 | Crear | Archer |
| 12:54 | Crear | Villager (Male) |
| 13:14 | Crear | Archer |
| 13:14 | Crear | Archer |
| 13:24 | Crear | Villager (Male) |
| 13:43 | Investigar | Fletching |
| 13:48 | Crear | Archer |
| 13:48 | Crear | Archer |
| 14:00 | Construir | House |
| 14:01 | Construir | House |
| 14:09 | Crear | Archer |
| 14:15 | Investigar | Padded Archer Armor |
| 14:45 | Crear | Archer |
| 14:46 | Crear | Archer |
| 15:16 | Crear | Archer |
| 15:16 | Crear | Archer |
| 15:22 | Crear | Villager (Male) |
| 15:22 | Crear | Villager (Male) |
| 15:49 | Crear | Archer |
| 15:50 | Crear | Villager (Male) |
| 15:52 | Investigar | Gold Mining |
| 16:36 | Investigar | Horse Collar |
| 17:19 | Crear | Archer |
| 17:19 | Crear | Archer |
| 17:21 | Crear | Villager (Male) |
| 17:23 | Construir | Farm |
| 17:23 | Construir | Farm |
| 17:24 | Construir | Farm |
| 17:24 | Construir | Farm |
| 17:24 | Construir | Farm |
| 17:25 | Construir | Farm |
| 17:25 | Construir | Farm |
| 17:25 | Construir | Farm |
| 17:26 | Construir | Farm |
| 17:29 | Construir | Farm |
| 17:29 | Construir | Farm |
| 17:32 | Construir | Farm |
| 17:43 | Construir | House |
| 17:44 | Construir | House |
| 18:23 | Construir | Farm |
| 18:27 | Construir | Farm |
| 18:29 | Construir | Farm |
| 18:30 | Construir | Farm |
| 18:33 | Construir | Farm |
| 18:36 | Crear | Villager (Male) |
| 18:40 | Construir | House |
| 19:33 | Crear | Archer |
| 19:33 | Crear | Archer |
| 20:36 | Construir | Market |
| 20:53 | Crear | Archer |
| 20:53 | Crear | Archer |
| 21:14 | Investigar | Castle Age |
| 21:34 | Crear | Archer |
| 21:34 | Crear | Archer |
| 22:15 | Crear | Archer |
| 22:16 | Crear | Archer |
| 22:27 | Construir | House |
| 22:28 | Construir | House |
| 22:59 | Crear | Archer |
| 22:59 | Crear | Archer |
| 23:41 | Crear | Archer |
| 23:41 | Crear | Archer |
| 23:47 | Crear | Villager (Male) |
| 23:53 | Edad | Edad de los Castillos |
| 23:55 | Investigar | Bow Saw |
| 23:56 | Investigar | Bodkin Arrow |
| 23:57 | Investigar | Crossbowman (upgrade) |
| 24:05 | Construir | Siege Workshop |
| 24:07 | Crear | Archer |
| 24:08 | Crear | Archer |
| 24:18 | Construir | University |
| 24:21 | Crear | Villager (Male) |
| 24:28 | Crear | Villager (Male) |
| 24:48 | Crear | Villager (Male) |
| 25:10 | Crear | Mangonel |
| 25:51 | Construir | Lumber Camp |
| 25:54 | Crear | Villager (Male) |
| 25:55 | Crear | Villager (Male) |
| 26:10 | Construir | Town Center |
| 26:13 | Crear | Villager (Male) |
| 26:18 | Crear | Villager (Male) |
| 26:43 | Crear | Villager (Male) |
| 26:43 | Crear | Villager (Male) |
| 26:48 | Crear | Mangonel |
| 26:52 | Crear | Archer |
| 26:52 | Crear | Archer |
| 27:39 | Crear | Archer |
| 27:39 | Crear | Archer |
| 27:58 | Investigar | Ballistics |
| 28:15 | Crear | Archer |
| 28:15 | Crear | Archer |
| 28:23 | Crear | Villager (Male) |
| 28:23 | Crear | Villager (Male) |
| 28:25 | Crear | Villager (Male) |
| 28:26 | Crear | Villager (Male) |
| 28:27 | Crear | Villager (Male) |
| 29:21 | Crear | Mangonel |
| 29:23 | Crear | Villager (Male) |
| 29:23 | Crear | Villager (Male) |
Cronología de la partida
| 7:43 | Ares (Yi Nation) · first_building Barracks |
| 8:48 | LORD of the Peasants · first_building Barracks |
| 9:42 | pietro91 · first_building Barracks |
| 9:42 | Ares (Yi Nation) · age_up feudal |
| 9:51 | Ares (Yi Nation) · first_building Archery Range |
| 10:02 | LORD of the Peasants · age_up feudal |
| 10:03 | LORD of the Peasants · first_building Archery Range |
| 10:31 | pietro91 · age_up feudal |
| 10:34 | Araco · first_building Barracks |
| 10:41 | pietro91 · first_building Stable |
| 10:43 | Araco · age_up feudal |
| 12:14 | Araco · first_building Siege Workshop |
| 14:01 | pietro91 · age_up castle |
| 14:08 | pietro91 · first_building Siege Workshop |
| 14:44 | Araco · wall_segment Palisade Wall x7 |
| 16:18 | pietro91 · resign |
| 22:38 | Ares (Yi Nation) · first_market_sell 100 food |
| 23:39 | Araco · wall_segment Palisade Wall x3 |
| 23:39 | Araco · wall_segment Palisade Wall x1 |
| 23:43 | Araco · wall_segment Palisade Wall x5 |
| 23:46 | Araco · wall_segment Palisade Wall x4 |
| 23:53 | Ares (Yi Nation) · age_up castle |
| 24:05 | Ares (Yi Nation) · first_building Siege Workshop |
| 24:16 | LORD of the Peasants · age_up castle |
| 24:24 | LORD of the Peasants · first_building Siege Workshop |
| 24:33 | Araco · wall_segment Palisade Wall x6 |
| 26:06 | Araco · first_building Stable |
| 26:07 | Ares (Yi Nation) · first_market_buy 100 wood |
| 28:17 | Araco · age_up castle |
[ ANÁLISIS IA · 1 CRÉDITO ]
¿Qué pasó realmente en esta partida?
Wolo.gg analiza cada decisión: build order, eco, micro, errores típicos por bracket. Análisis personalizado por WhatsApp o Discord en 30 segundos.
Guía civ
Maya
Guía mapa
Arena
Perfil
LORD of the Peasants